 Dungeon Crawl Stone Soup version 0.29.0-13-gc9e81de378 (webtiles) character file.

Game seed: 2429258372876331690

43082 Armakuni the Eclecticist (level 13, -27/86 HPs)
             Began as a Purple Draconian Conjurer on Sept 10, 2022.
             Was a High Priest of Vehumet.
             Annihilated by a fire giant
             ... wielding a +2 great sword of flaming
              (39 damage)
             ... on level 15 of the Dungeon.
             The game lasted 00:49:30 (18008 turns).

Armakuni the Eclecticist (DrCj)                    Turns: 18008, Time: 00:49:31

Health: -27/86     AC:  9    Str:  9    XL:     13   Next: 88%
Magic:  15/32      EV: 12    Int: 29    God:    Vehumet [*****.]
Gold:   1450       SH:  0    Dex: 11    Spells: 9/42 levels left

rFire   . . .      SeeInvis .   a - staff of conjuration
rCold   + . .      Faith    .   (no shield)
rNeg    . . .      Spirit   .   (body armour unavailable)
rPois   .          Reflect  .   (helmet restricted)
rElec   .          Harm     .   q - +0 cloak
rCorr   +          Rampage  .   (no gloves)
Will    ++++.                   (no boots)
Stlth   +++.......              M - amulet of magic regeneration
HPRegen 0.24/turn               o - ring "Fumon" {rC+ Will++ rCorr}
MPRegen 0.63/turn               I - ring "Qiskos" {Will+ Int+6 Stlth+}

@: no status effects
A: breathe power, AC +8, unfitting armour, cold-blooded
a: Breathe Dispelling Energy, Renounce Religion


You were on level 15 of the Dungeon.
You worshipped Vehumet.
Vehumet was extremely pleased with you.
You visited 2 branches of the dungeon, and saw 16 of its levels.
You also visited: Sewer and Ice Cave.

You collected 1450 gold pieces.

Inventory:

Missiles
 w - 6 curare-tipped darts
 z - 2 throwing nets
Armour
 d - a +0 buckler
 q - a +0 cloak (worn)
Magical Staves
 a - a staff of conjuration (weapon)
 b - a staff of poison
Jewellery
 o - the ring "Fumon" (left hand) {rC+ Will++ rCorr}
   (You found it in an ice cave)

   [ring of protection from cold]

   rC:        It protects you from cold.
   rCorr:     It protects you from acid and corrosion.
   Will:      It greatly increases your willpower.
 I - the ring "Qiskos" (right hand) {Will+ Int+6 Stlth+}
   (You found it in an ice cave)

   [ring of intelligence]

   Int:       It affects your intelligence (+6).
   Will:      It increases your willpower.
   Stlth:     It makes you more stealthy.
 K - a ring of fire
 M - an amulet of magic regeneration (around neck)
 R - an amulet of regeneration
Wands
 c - a wand of charming (14)
 j - a wand of iceblast (12)
 p - a wand of polymorph (23)
 v - a wand of flame (16)
 F - a wand of mindburst (6)
 H - a wand of light (3)
Scrolls
 g - 5 scrolls of poison
 h - a scroll of butterflies
 i - 13 scrolls of teleportation
 k - a scroll of silence
 l - 4 scrolls of magic mapping
 s - 2 scrolls of amnesia
 u - a scroll of summoning
 x - a scroll of enchant weapon
 y - 3 scrolls of blinking
 C - 4 scrolls of vulnerability
 G - 2 scrolls of identify
 J - a scroll of fear
 L - a scroll of enchant armour {unknown}
Potions
 e - a potion of resistance
 f - 4 potions of curing
 m - 5 potions of heal wounds
 n - 6 potions of mutation
 r - a potion of might
 t - 2 potions of cancellation
 A - 2 potions of invisibility
 B - a potion of brilliance
 D - 3 potions of flight {unknown}
 E - a potion of haste


   Skills:
 - Level 9.6 Staves
 - Level 2.1 Dodging
 - Level 2.2 Stealth
 - Level 15.0 Spellcasting
 + Level 13.2 Conjurations
 - Level 4.0 Hexes
 - Level 5.0 Summonings
 - Level 4.0 Translocations
 - Level 5.0 Fire Magic
 - Level 10.0 Evocations


You had 9 spell levels left.
You knew the following spells:

 Your Spells              Type           Power      Damage    Failure   Level
a - Stone Arrow           Conj/Erth      100%       3d13      1%          3
c - Mephitic Cloud        Conj/Pois/Air  63%        N/A       1%          3
f - Fireball              Conj/Fire      42%        3d17      1%          5
i - Irradiate             Conj/Tmut      37%        3d24      1%          5
m - Iskenderun's Mystic   Conj/Tloc      82%        2d16      1%          4
s - Sticky Flame          Conj/Fire      84%        2d10      1%          4
z - Searing Ray           Conj           100%       2d8       0%          2
S - Spellforged Servitor  Conj/Summ      42%        N/A       12%         7

Your spell library contained the following spells:

 Spells                   Type           Power      Damage    Failure   Level
 Yara's Violent Unravell  Hex/Tmut       16%        3d8       7%          5
 Magic Dart               Conj           100%       1d8       0%          1
 Freeze                   Ice            84%        1d10      1%          1
 Blink                    Tloc           88%        N/A       1%          2
 Ensorcelled Hibernation  Hex/Ice        66%        N/A       1%          2
 Conjure Flame            Conj/Fire      84%        6-21      1%          3
 Dazzling Flash           Conj/Hex       100%       N/A       1%          3
 Frozen Ramparts          Ice            42%        1d7       1%          3
 Ignite Poison            Fire/Tmut/Pois 31%        N/A       1%          3
 Lesser Beckoning         Tloc           44%        N/A       1%          3
 Fulminant Prism          Conj/Hex       41%        3d20      1%          4
 Hailstorm                Conj/Ice       74%        3d15      1%          4
 Passwall                 Tmut/Erth      17%        N/A       3%          2
 Ozocubu's Armour         Ice            21%        N/A       7%          3
 Swiftness                Air            21%        N/A       7%          3
 Summon Forest            Summ/Tloc      23%        N/A       10%         5
 Manifold Assault         Tloc           44%        N/A       12%         5
 Animate Dead             Necr           21%        N/A       22%         4
 Metabolic Englaciation   Hex/Ice        16%        N/A       26%         5
 Borgnjor's Vile Clutch   Necr/Erth      10%        N/A       52%         5
 Lehudib's Crystal Spear  Conj/Erth      37%        10d9      90%         8
 Death Channel            Necr           10%        N/A       98%         6
 Simulacrum               Ice/Necr       10%        N/A       98%         6
 Maxwell's Capacitive Co  Air            10%        ∞         100%        8
 Animate Armour           Summ/Erth      Unusable   N/A       N/A         4

Dungeon Overview and Level Annotations

Branches:
Dungeon (15/15)            Temple (1/1) D:5            Lair (0/5) D:8
    Orc (0/2) D:10         Vaults (0/5) D:14         Depths (0/4) D:15
  Sewer (visited)           IceCv (visited)

Altars:
Ashenzari
Cheibriados
Dithmenos
Elyvilon
Fedhas
Gozag
Hepliaklqana
Kikubaaqudgha
Makhleb
Nemelex Xobeh
Okawaru
Qazlal
Ru
Sif Muna
Trog
Uskayaw
Vehumet
Wu Jian
Xom
Yredelemnul
Zin
The Shining One

Shops:
D:1 (   D:5 =   D:8 ?

Annotations:
D:11 2 transporters, exclusion: ice statue, sentinel's ghost, novice MeEE
D:14 3 runed translucent doors, sanka's ghost, journeyman TeAK


Innate Abilities, Weirdness & Mutations

You can breathe bolts of dispelling energy.
Your rich purple scales are hard. (AC +8)
You cannot fit into any form of body armour.
You are cold-blooded and may be slowed by cold attacks.


Message History

The bolt of fire hits you!!
Casting: Stone Arrow (safe; 1% risk of failure)
Confirm with . or Enter, or press ? or * to list all spells.
Aiming: Stone Arrow (safe; 1% risk of failure)
Press: ? - help, Shift-Dir - straight line, f/p - fire giant
Aim: a fire giant, wielding a +2 great sword of flaming (moderately wounded, 95% to hit)
You feel a surge of power!
The stone arrow hits the fire giant!!
The fire giant is heavily wounded.
Casting: Stone Arrow (safe; 1% risk of failure)
Confirm with . or Enter, or press ? or * to list all spells.
Aiming: Stone Arrow (safe; 1% risk of failure)
Press: ? - help, Shift-Dir - straight line, f/p - fire giant
Aim: a fire giant, wielding a +2 great sword of flaming (heavily wounded, 95% to hit)
You feel a surge of power!
The stone arrow hits the fire giant!!
The fire giant is severely wounded.
The fire giant casts a spell at you.
The fireball explodes!
The fireball engulfs you!!
* * * LOW HITPOINT WARNING * * *
Casting: Stone Arrow (safe; 1% risk of failure)
Confirm with . or Enter, or press ? or * to list all spells.
Aiming: Stone Arrow (safe; 1% risk of failure)
Press: ? - help, Shift-Dir - straight line, f/p - fire giant
Aim: a fire giant, wielding a +2 great sword of flaming (severely wounded, 95% to hit)
You feel a surge of power!
The stone arrow hits the fire giant!!
The fire giant is severely wounded.
Casting: Stone Arrow (safe; 1% risk of failure)
Confirm with . or Enter, or press ? or * to list all spells.
Aiming: Stone Arrow (safe; 1% risk of failure)
Press: ? - help, Shift-Dir - straight line, f/p - fire giant
Aim: a fire giant, wielding a +2 great sword of flaming (severely wounded, 95% to hit)
You feel a surge of power!
The stone arrow misses the fire giant.
Casting: Stone Arrow (safe; 1% risk of failure)
Confirm with . or Enter, or press ? or * to list all spells.
Aiming: Stone Arrow (safe; 1% risk of failure)
Press: ? - help, Shift-Dir - straight line, f/p - fire giant
Aim: a fire giant, wielding a +2 great sword of flaming (black smoke, severely wounded, 95% to hit)
You feel a surge of power!
The stone arrow hits the fire giant!
The fire giant is almost dead.
The fire giant hits you with a +2 great sword of flaming!!!
You die...

..................
#......................#
..#######..............#
.########..............#
...........#######.....#
......................[.
........................
#'########.......C.≈.≈.≈
#........#(....§@§≈≈≈.§§
#........#..###§§≈#§≈§.§
#........#......≈§≈≈≈.§≈
#........#.......≈≈.§..§
#........#.....§≈#≈≈.>.≈
###.#.#.##.......§≈.....
# ......##.....≈≈§≈§≈.≈
# #......§#§§§§≈ #


You could see a fire giant.

Vanquished Creatures
  An azure jelly (IceCv)
  2 quicksilver oozes (IceCv)
  6 boulder beetles
  Harold (D:11)
  2 hydras
  3 centaur warriors
  A tengu warrior (D:14)
  A two-headed ogre (D:11)
  Lodul (D:12)
  A wizard (D:14)
  An orc knight (D:14)
  Pikel (D:5)
  10 ugly things (D:14)
  5 cyclopes
  2 manticores
  A faun (shapeshifter) (D:14)
  An ice statue (IceCv)
  Maggie (D:6)
  4 gargoyles
  2 freezing wraiths
  2 kobold demonologists
  An unseen horror (D:12)
  A tengu conjurer (D:14)
  A komodo dragon (D:12)
  5 trolls
  Prince Ribbit (D:4)
  A hornet (D:10)
  Grinder (D:5)
  19 slime creatures
  A snapping turtle (shapeshifter) (D:14)
  3 shadows
  A centaur simulacrum (D:15)
  20 yaks
  A wraith (D:14)
  Eustachio (D:6)
  Grum (D:9)
  2 steam dragons (D:10)
  10 vampire mosquitoes
  Menkaure (D:4)
  Duvessa (D:6)
  4 acid dragons
  3 water moccasins
  A black bear (D:8)
  2 great orb of eyes simulacra (IceCv)
  11 orc warriors
  2 ice beasts
  14 ogres
  4 wolves (D:9)
  4 slime creature simulacra (IceCv)
  4 centaurs
  A lemure (D:5)
  A phantom (D:6)
  9 kobold brigands
  Blork the orc (D:4)
  6 bullfrogs
  2 necrophages
  A glowing shapeshifter simulacrum (IceCv)
  2 gnoll sergeants (D:10)
  4 scorpions
  6 wights
  Dowan (D:6)
  A killer bee (D:9)
  2 electric eels (D:10)
  7 howler monkeys
  4 crimson imps (D:6)
  A jelly (D:6)
  2 hounds
  7 orc priests
  Crazy Yiuf (D:5)
  2 gnoll boudas
  4 iguanas
  14 orc wizards
  5 shapeshifter simulacra (IceCv)
  A boggart simulacrum (D:15)
  Robin (D:2)
  6 gnolls
  12 adders
  A river rat (Sewer)
  A white imp (D:6)
  2 ufetubi
  5 worms
  4 dart slugs
  55 orcs
  13 ball pythons
  13 bats
  9 endoplasms
  6 giant cockroaches
  18 goblins
  5 hobgoblins
  3 jackals (D:1)
  6 quokkas
  3 frilled lizards
  26 kobolds
  10 rats
454 creatures vanquished.

Vanquished Creatures (collateral kills)
  3 slime creatures (IceCv)
  A slime creature simulacrum (IceCv)
  A shapeshifter simulacrum (IceCv)
5 creatures vanquished.

Vanquished Creatures (others)
  2 slime creatures (IceCv)
  4 fulminant prisms
  2 plants (D:8)
  3 toadstools (D:14)
11 creatures vanquished.

Grand Total: 470 creatures vanquished

Notes
Turn   | Place    | Note
-------+----------+-------------------------------------------
     0 | D:1      | Armakuni the Draconian Conjurer began the quest for the
                  | Orb.
     0 | D:1      | Reached XP level 1. HP: 14/14 MP: 3/3
   282 | D:1      | Reached XP level 2. HP: 20/20 MP: 3/5
   322 | D:1      | Learned a level 2 spell: Searing Ray
   380 | D:1      | Found a faded altar of an unknown god.
   596 | D:1      | Found Acaph's Weapon Shop.
   827 | D:1      | Reached XP level 3. HP: 20/26 MP: 1/6
  1405 | D:2      | Identified the ring of the Sturgeon {Will+ Dex+3}
  1917 | D:2      | Reached skill level 5 in Conjurations
  2205 | D:3      | Reached XP level 4. HP: 33/33 MP: 2/7
  2672 | D:3      | Noticed Robin
  2680 | D:3      | Learned a level 4 spell: Iskenderun's Mystic Blast
  2703 | D:3      | Reached XP level 5. HP: 38/38 MP: 0/9
  2738 | D:2      | Killed Robin
  2739 | D:2      | Reached skill level 3 in Spellcasting
  2852 | D:3      | Found a glowing golden altar of the Shining One.
  2853 | D:3      | Found a hide-covered altar of Uskayaw.
  2854 | D:3      | Found a sacrificial altar of Ru.
  2854 | D:3      | Found a blossoming altar of Fedhas.
  2869 | D:3      | Found a radiant altar of Vehumet.
  2870 | D:3      | Found a broken altar of Ashenzari.
  2891 | D:3      | Became a worshipper of Vehumet
  3605 | D:4      | Reached skill level 4 in Spellcasting
  3605 | D:4      | Reached XP level 6. HP: 37/45 MP: 6/12
  3760 | D:4      | Noticed Blork the orc
  3765 | D:4      | Killed Blork the orc
  3766 | D:4      | Reached skill level 1 in Translocations
  3840 | D:4      | Reached * piety under Vehumet
  3840 | D:4      | Offered knowledge of Sandblast by Vehumet.
  4101 | D:4      | Reached skill level 5 in Spellcasting
  4255 | D:4      | Noticed Menkaure
  4264 | D:4      | Killed Menkaure
  4265 | D:4      | Your scales start taking on a rich purple colour.
  4265 | D:4      | Reached skill level 6 in Spellcasting
  4265 | D:4      | Reached XP level 7. HP: 50/50 MP: 6/16
  4332 | D:4      | Learned a level 4 spell: Fulminant Prism
  4538 | D:4      | Identified the +0 ring mail "Uplo" {rF+ rN+++ Will+ Dex-5}
  4563 | D:5      | Entered Level 5 of the Dungeon
  4563 | D:5      | Noticed Pikel
  4650 | D:5      | Noticed Prince Ribbit
  4651 | D:5      | Noticed Grinder
  4664 | D:4      | Killed Prince Ribbit
  4763 | D:5      | Killed Grinder
  4764 | D:5      | Reached XP level 8. HP: 57/57 MP: 9/17
  4846 | D:5      | Found Syizeici's Jewellery Emporium.
  5056 | D:5      | Found a glowing drain.
  5057 | D:5      | Found a shadowy altar of Dithmenos.
  5072 | Sewer    | Entered a sewer
  5078 | Sewer    | Learned a level 3 spell: Stone Arrow
  5083 | Sewer    | Learned a level 4 spell: Sticky Flame
  5186 | Sewer    | Reached ** piety under Vehumet
  5279 | Sewer    | Offered knowledge of Poisonous Vapours by Vehumet.
  5864 | D:5      | Found a staircase to the Ecumenical Temple.
  5898 | D:5      | Found a runed translucent door.
  5899 | D:5      | Noticed Crazy Yiuf
  5904 | D:5      | Killed Crazy Yiuf
  5968 | D:4      | Offered knowledge of Static Discharge by Vehumet.
  6118 | D:5      | Killed Pikel
  6119 | D:5      | Reached skill level 7 in Spellcasting
  6119 | D:5      | Reached XP level 9. HP: 62/62 MP: 6/20
  6294 | D:5      | Got Catsoa's Guidebook on Gusty Orientation
  6473 | Temple   | Entered the Ecumenical Temple
  6555 | D:6      | Reached skill level 8 in Spellcasting
  6639 | D:6      | Noticed Maggie
  6655 | D:6      | Killed Maggie
  6763 | D:6      | Noticed Eustachio
  6770 | D:6      | Killed Eustachio
  6965 | D:6      | Reached skill level 9 in Spellcasting
  7028 | D:6      | Noticed Duvessa
  7028 | D:6      | Noticed Dowan
  7037 | D:6      | Killed Duvessa
  7039 | D:6      | Killed Dowan
  7040 | D:6      | Reached skill level 10 in Conjurations
  7225 | D:6      | Found a shimmering altar of Xom.
  7240 | D:6      | Reached *** piety under Vehumet
  7572 | D:6      | Reached skill level 10 in Spellcasting
  7859 | D:7      | Found an opulent altar of Gozag.
  7902 | D:7      | Reached skill level 1 in Evocations
  7929 | D:7      | Noticed a troll
  7940 | D:7      | Killed a troll
  7941 | D:7      | Reached skill level 1 in Fire Magic
  8042 | D:7      | Reached XP level 10. HP: 68/69 MP: 17/24
  8216 | D:7      | Noticed a two-headed ogre
  8562 | D:7      | Offered knowledge of Flame Wave by Vehumet.
  8847 | D:8      | Found a staircase to the Lair.
  8917 | D:8      | Reached **** piety under Vehumet
  8969 | D:8      | Noticed a gargoyle
  8975 | D:8      | Killed a gargoyle
  8976 | D:8      | Reached skill level 5 in Evocations
  9041 | D:8      | Learned a level 3 spell: Mephitic Cloud
  9425 | D:8      | Offered knowledge of Fireball by Vehumet.
  9474 | D:8      | Found Rinoic's Magic Scroll Shoppe.
  9520 | D:9      | Noticed Grum
  9528 | D:9      | Killed Grum
 10054 | D:9      | Learned a level 5 spell: Fireball
 10250 | D:9      | Found a sparkling altar of Nemelex Xobeh.
 10251 | D:9      | Found an ornate altar of the Wu Jian Council.
 10433 | D:10     | Entered Level 10 of the Dungeon
 10471 | D:10     | Reached XP level 11. HP: 37/74 MP: 6/25
 10481 | D:10     | Reached skill level 5 in Fire Magic
 10900 | D:10     | Reached skill level 10 in Evocations
 10905 | D:10     | Reached skill level 1 in Staves
 11165 | D:10     | Reached ***** piety under Vehumet
 11183 | D:10     | Offered knowledge of Irradiate by Vehumet.
 11190 | D:10     | Learned a level 5 spell: Irradiate
 11340 | D:10     | Found a burning altar of Makhleb.
 11340 | D:10     | Noticed a green death
 11387 | D:10     | Found a staircase to the Orcish Mines.
 11840 | D:11     | Noticed Harold
 11849 | D:11     | Killed Harold
 11850 | D:11     | Reached skill level 5 in Staves
 11854 | D:11     | Noticed a boulder beetle
 11907 | D:11     | Killed a boulder beetle
 12134 | D:11     | Noticed sentinel's ghost (novice MeEE)
 12140 | D:11     | Found a transporter.
 12168 | D:11     | Found a transporter.
 12175 | D:11     | Noticed a skeletal warrior
 12903 | D:11     | Noticed a two-headed ogre
 12905 | D:11     | Noticed a four-headed hydra
 12906 | D:11     | Killed a two-headed ogre
 12911 | D:11     | Killed a four-headed hydra
 12912 | D:11     | Reached XP level 12. HP: 81/81 MP: 2/26
 13169 | D:11     | Noticed a boulder beetle
 13179 | D:12     | Noticed Lodul
 13352 | D:12     | Killed Lodul
 13720 | D:12     | Noticed a boulder beetle
 13732 | D:12     | Killed a boulder beetle
 13865 | D:12     | Noticed a boulder beetle
 13876 | D:12     | Killed a boulder beetle
 13996 | D:12     | Offered knowledge of Spellforged Servitor by Vehumet.
 14297 | D:12     | Noticed a boulder beetle
 14307 | D:12     | Killed a boulder beetle
 14582 | D:13     | Found a frozen archway.
 14594 | IceCv    | Entered an ice cave
 14707 | IceCv    | Reached skill level 11 in Spellcasting
 14963 | IceCv    | Noticed an azure jelly
 15112 | IceCv    | Killed an azure jelly
 15113 | IceCv    | Reached skill level 12 in Spellcasting
 15113 | IceCv    | Reached XP level 13. HP: 86/86 MP: 21/29
 15122 | IceCv    | Learned a level 7 spell: Spellforged Servitor
 15192 | IceCv    | Found a viscous altar of Jiyva.
 15194 | IceCv    | Noticed a quicksilver ooze
 15197 | IceCv    | Killed a quicksilver ooze
 15264 | IceCv    | Got the ring "Fumon" {rC+ Will++ rCorr}
 15268 | IceCv    | Identified the ring "Qiskos" {Will+ Int+6 Stlth+}
 15371 | IceCv    | Noticed a quicksilver ooze
 15375 | IceCv    | Killed a quicksilver ooze
 15422 | IceCv    | Got the ring of the Traitor {Ice rN+ Int+2 Stlth+}
 15784 | D:13     | Identified the +4 rapier of Intimidation {flame, rC+ Str-5
                  | Int+5}
 15820 | D:13     | Reached skill level 13 in Spellcasting
 16398 | D:14     | Noticed a merfolk javelineer
 16398 | D:14     | Noticed a merfolk impaler
 16398 | D:14     | Found a runed translucent gate.
 16398 | D:14     | Found a runed translucent gate.
 16398 | D:14     | Found a runed translucent gate.
 16399 | D:14     | Found an iron altar of Okawaru.
 16399 | D:14     | Noticed sanka's ghost (journeyman TeAK)
 16399 | D:14     | Noticed a minotaur
 16511 | D:14     | Found a gate to the Vaults.
 16554 | D:14     | Reached skill level 14 in Spellcasting
 16833 | D:14     | Reached skill level 1 in Summonings
 17201 | D:14     | Offered knowledge of Yara's Violent Unravelling by Vehumet.
 17459 | D:14     | Reached skill level 5 in Summonings
 17602 | D:15     | Entered Level 15 of the Dungeon
 17972 | D:15     | Reached skill level 15 in Spellcasting
 17999 | D:15     | Found a staircase to the Depths.
 18000 | D:15     | Noticed a fire giant
 18008 | D:15     | Annihilated by a fire giant

Illustrated notes

Levels and vault maps discovered:
D:1:      wander_arrival_desolate, layout_loops_ring, serial_shops,
          nicolae_shop_bloodbath_and_beyond, ebering_ecumenical_altar_rust,
          minmay_distorted
D:2:      layout_basic
D:3:      layout_basic, grunt_temple_overflow_open, minmay_misc_feat_encased,
          minmay_ogre_servants, uniq_robin
D:4:      kennysheep_six_static_rooms, layout_cave_pods,
          chequers_serial_rivers_small_a, uniq_blork_the_orc, uniq_menkaure
D:5:      layout_cave_pools, mainiacjoe_overflow_alcove_4,
          minmay_temple_entry_stoned_glass, cheibrodos_sewer_entry_sluice,
          minmay_shop_grid_forest, grunt_ministairs_2, uniq_crazy_yiuf_cottage,
          uniq_pikel, uniq_prince_ribbit1, uniq_grinder
D:6:      layout_loops_corners, led_xom_imps, uniq_maggie, uniq_eustachio,
          uniq_duvessa
D:7:      layout_basic, grunt_gozag_breadcrumbs, lightli_corner_chamber
D:8:      layout_basic, grunt_lair_entry_orc_guard_hut, serial_aquarium,
          aquarium_bridge_square [aquarium_subvault_bridge,
          aquarium_subvault_wall, aquarium_subvault_window,
          aquarium_subvault_window], aquarium_window_corner,
          aquarium_window_fake, aquarium_window_corner, aquarium_view_2d,
          aquarium_view_2e, serial_shops, kennysheep_little_box, grunt_ogre_cave
D:9:      layout_basic, gammafunk_temple_overflow_pools, minmay_diced_spiral,
          uniq_grum
D:10:     statuecave_lemuel, layout_loops_ring, makhleb_altar_promises_db,
          kennysheep_orc_monster_closet_entryway
D:11:     layout_loops_corners, nzn_ghost_randoct, serial_aquarium,
          aquarium_bridge_straight [aquarium_subvault_bridge,
          aquarium_subvault_window, aquarium_subvault_bridge,
          aquarium_subvault_window], aquarium_bridge_straight
          [aquarium_subvault_bridge, aquarium_subvault_balcony,
          aquarium_subvault_bridge, aquarium_subvault_wall],
          aquarium_window_fake, aquarium_window_2, aquarium_window_corner,
          aquarium_view_2e, aquarium_view_2f, aquarium_pool_2, uniq_harold
D:12:     layout_irregular_city, uniq_lodul
D:13:     layout_cave_pods, portal_ice_cave_entry_pillars_2
D:14:     layout_roguey, david_vaults_4, kennysheep_path_1,
          gammafunk_ghost_fury_of_okawaru, minmay_gold_behind_fungi
D:15:     grunt_enter_depths_giant_problem, layout_stronghold, serial_glass,
          glass_columns_b, glass_columns_a, glass_columns_c, glass_columns_c,
          glass_columns_b, glass_columns_a, minmay_strange_pillars,
          due_unseen_surprise
Temple:   nicolae_temple_ecumenical_triangle

Skill      XL: |  1  2  3  4  5  6  7  8  9 10 11 12 13 |
---------------+----------------------------------------+-----
Stealth        | 2 |  2.2
Dodging        | 2 |  2.1
Conjurations   | 5 6 8 10 11 12 13 | 13.2
Spellcasting   | 4 6 7 10 12 15 | 15.0
Translocations | 3 4 |  4.0
Hexes          | 4 |  4.0
Evocations     | 2 9 10 | 10.0
Fire Magic     | 2 4 5 |  5.0
Staves         | 7 9 |  9.6
Summonings     | 5 |  5.0

Action                   |  1- 3 |  4- 6 |  7- 9 | 10-12 | 13-15 || total
-------------------------+-------+-------+-------+-------+-------++-------
Melee: Unarmed           |     4 |       |       |       |       ||     4
       Tailslap          |     2 |    15 |    21 |    29 |     4 ||    71
       Flail             |    24 |    12 |       |       |       ||    36
       Punch             |     1 |     1 |     1 |     4 |       ||     7
       Dagger            |       |    89 |   121 |   114 |       ||   324
       Staff             |       |       |       |    61 |    19 ||    80
Throw: Dart              |       |       |       |    13 |     2 ||    15
       Throwing net      |       |       |       |     4 |     2 ||     6
 Cast: Magic Dart        |    14 |       |       |       |       ||    14
       Searing Ray       |    27 |    26 |    38 |    44 |     1 ||   136
       Iskenderun's Myst |       |       |    16 |    12 |    19 ||    47
       Sticky Flame      |       |       |    14 |    32 |     5 ||    51
       Stone Arrow       |       |       |     9 |    12 |     7 ||    28
       Fulminant Prism   |       |       |     1 |     3 |       ||     4
       Mephitic Cloud    |       |       |       |    23 |     1 ||    24
       Fireball          |       |       |       |    66 |    59 ||   125
 Abil: Breathe Dispellin |       |       |     1 |       |       ||     1
Evoke: Wand              |       |       |       |     7 |     5 ||    12
  Use: Potion            |     1 |       |       |     6 |       ||     7
       Scroll            |     6 |     6 |     2 |     9 |     3 ||    26
 Stab: Sleeping          |     1 |     2 |     3 |     4 |       ||    10
       Confused          |       |       |       |     9 |       ||     9
       Held in net/web   |       |       |       |     1 |     1 ||     2
Armor: Skin              |    18 |    41 |    58 |    88 |    11 ||   216
Dodge: Dodged            |    44 |    86 |   129 |   132 |    18 ||   409
